 Dungeon Crawl Stone Soup version 0.23.0 (webtiles) character file.

Game seed: 7157485775651988127

65 grindst0ne the Cutter (level 4, 0/29 HPs)
             Began as a Kobold Berserker on Feb 13, 2019.
             Was an Initiate of Cheibriados.
             Slain by a polar bear (2 damage)
             ... created by the rage of Trog
             ... on level 2 of the Dungeon.
             The game lasted 00:02:54 (1222 turns).

grindst0ne the Cutter (Kobold Berserker)            Turns: 1222, Time: 00:02:54

Health: 0/29       AC:  8    Str: 16    XL:     4   Next: 34%
Magic:  4/4        EV: 10    Int:  9    God:    Cheibriados [......]
Gold:   142        SH:  0    Dex: 12    Spells: 3/3 levels left

rFire    . . .     SeeInvis .   a - +1 short sword
rCold    . . .     Gourm    .   (shield restricted)
rNeg     . . .     Faith    .   f - +0 chain mail
rPois    .         Spirit   .   (no helmet)
rElec    .         Reflect  .   (no cloak)
rCorr    .         Harm     .   (no gloves)
MR       .....                  (no boots)
Stlth    ..........             (no amulet)
HPRegen  0.09/turn              i - -3 ring of dexterity (curse)
MPRegen  0.09/turn              (no ring)

@: slow
A: small, carnivore
a: Bend Time, Renounce Religion


You were on level 2 of the Dungeon.
You worshipped Cheibriados.
Cheibriados was noncommittal.
You were very full.

You visited 1 branch of the dungeon, and saw 2 of its levels.

You collected 142 gold pieces.

Inventory:

Hand Weapons
 a - a +1 short sword (weapon)
Missiles
 e - a throwing net (quivered)
Armour
 b - a +0 animal skin
 f - a +0 chain mail (worn)
Jewellery
 i - a cursed -3 ring of dexterity (left hand)
Potions
 d - a potion of ambrosia
 j - a potion of flight {unknown}
 n - 2 potions of magic
Comestibles
 c - 6 rations


   Skills:
 + Level 4.0 Fighting
 + Level 5.0 Short Blades
 - Level 1.5 Armour
 + Level 3.5 Dodging


You had 3 spell levels left.
You didn't know any spells.
Your spell library was empty.

Dungeon Overview and Level Annotations

Branches:
Dungeon (2/15)

Altars:
Cheibriados
Dithmenos


Innate Abilities, Weirdness & Mutations

You are small and have problems with some larger weapons.
You are carnivorous and can eat meat at any time.


Message History

You hit the worm but do no damage.
The worm is severely wounded.
You hit the worm.
The worm is almost dead.
The worm barely misses you.
You hit the worm.
You kill the worm!
Your Short Blades skill increases to level 5!
Trog sends monsters to punish you. 2 polar bears and 2 black bears come into view.
You hit the polar bear.
The polar bear is lightly wounded.
You barely miss the polar bear.
The polar bear is lightly wounded.
The polar bear rages.
The polar bear bites you!!
Ouch! That really hurt!
* * * LOW HITPOINT WARNING * * *
The polar bear claws you.
You die...

#......##..#
#......##..#
#......##..#
#......##..#
#......##..# #
#..........# ###.#
#......##.##
...$..#####.####.#####.#
.....hh@h.............>#
###.#.#####..###.#######
#.. #..# #.# ##.####..#
#.# .....#..# #.#
#.#.#..###.#
#...#......# #..##.#####
###########......#


You could see 2 polar bears and a black bear (berserk).

Vanquished Creatures
  A gnoll (D:1)
  An adder (D:2)
  An ooze (D:1)
  3 worms (D:2)
  A giant cockroach (D:1)
  A hobgoblin (D:1)
  6 jackals
  6 kobolds
  5 bats
  A frilled lizard (D:2)
  3 goblins
  7 rats
36 creatures vanquished.

Notes
Turn   | Place    | Note
-------+----------+-------------------------------------------
     0 | D:1      | grindst0ne the Kobold Berserker began the quest for the
                  | Orb.
     0 | D:1      | Reached XP level 1. HP: 14/14 MP: 1/1
    28 | D:1      | Reached XP level 2. HP: 19/19 MP: 2/2
   137 | D:1      | Reached XP level 3. HP: 24/24 MP: 3/3
   627 | D:2      | Found a faded altar of an unknown god.
   641 | D:2      | Reached ** piety under Trog
   879 | D:2      | Reached XP level 4. HP: 29/29 MP: 4/4
   945 | D:2      | Found a snail-covered altar of Cheibriados.
   946 | D:2      | Found a shadowy altar of Dithmenos.
  1043 | D:2      | Fell from the grace of Trog
  1043 | D:2      | Became a worshipper of Cheibriados the Contemplative
  1205 | D:2      | Reached skill level 5 in Short Blades
  1221 | D:2      | Noticed a polar bear
  1221 | D:2      | Noticed a black bear
  1221 | D:2      | Noticed a polar bear
  1221 | D:2      | Noticed a black bear
  1222 | D:2      | Slain by a polar bear

Skill      XL: |  1  2  3  4 |
---------------+-------------+-----
Dodging        | 3 |  3.5
Fighting       | 4 |  4.0
Short Blades   | 5 |  5.0
Armour         | |  1.5

Action                   |  1- 3 |  4- 6 || total
-------------------------+-------+-------++-------
Melee: Short sword       |    76 |    33 ||   109
Throw: Throwing net      |     1 |       ||     1
Invok: Berserk           |     4 |       ||     4
  Use: Scroll            |       |     7 ||     7
 Stab: Sleeping          |     2 |       ||     2
  Eat: Chunk             |    11 |     1 ||    12
Armor: Animal skin       |    14 |     3 ||    17
       Chain mail        |       |     1 ||     1
Dodge: Dodged            |    76 |    13 ||    89
